 Dungeon Crawl Stone Soup version 0.31-a0-180-g519b7de00c (webtiles) character file.

Game seed: 10418470450724362097

697254 RepHenryClay the Petrodigitator (level 27, -23/144 HPs)
             Began as a Deep Elf Conjurer on June 14, 2023.
             Was the Champion of Vehumet.
             Blown up by Boris (55 damage)
             ... with a wavering orb of destruction
             ... on level 2 of the Tomb of the Ancients on June 19, 2023.
             The game lasted 03:30:47 (85975 turns).

RepHenryClay the Petrodigitator (DECj)             Turns: 85975, Time: 03:30:48

Health: -23/144    AC:  9    Str:  4      XL:     27
Magic:  44/44      EV: 19    Int: 33 (36) God:    Vehumet [******]
Gold:   7350       SH: 14    Dex: 10 (15) Spells: 1/56 levels left

rFire   + + +        a - staff "Kudwod" {rPois Will+ SInv Stlth- Earth}
rCold   + . .        u - +2 shield of Resistance {rF++ rC++ Will++}
rNeg    + + +        A - +2 robe {rN+}
rPois   +            (helmet restricted)
rElec   +            X - scarf {repulsion}
rCorr   .            I - +2 pair of gloves
SInv    +            j - +2 pair of boots {Stlth+}
Will    +++++        p - amulet of magic regeneration
Stlth   +++          x - ring of Doors {Wiz rElec rPois Int+4 Stlth-}
HPRegen 0.44/turn    M - ring of Compulsion {Fire rN++ Dex-4}
MPRegen 0.69/turn

%: repel missiles, wizardry (x1)
@: very slightly contaminated, hasted and slowed, studying Staves
A: beak, camouflage 1, deformed body
}: 5/15 runes: decaying, slimy, silver, abyssal, gossamer
a: Renounce Religion


You were on level 2 of the Tomb of the Ancients.
You worshipped Vehumet.
Vehumet was exalted by your worship.
You visited 13 branches of the dungeon, and saw 57 of its levels.
You visited the Abyss 1 time.
You visited 1 bazaar.
You also visited: Sewer, Ossuary and Desolation.

You collected 10120 gold pieces.
You spent 2770 gold pieces at shops.

Inventory:

Missiles
 R - 6 throwing nets
Armour
 g - a +2 helmet
 j - a +2 pair of boots of stealth (worn)
 u - the +2 shield of Resistance (worn) {rF++ rC++ Will++}
   (You found it on level 3 of the Elven Halls)

   rF:        It greatly protects you from fire.
   rC:        It greatly protects you from cold.
   Will:      It greatly increases your willpower.
 A - a +2 robe of positive energy (worn)
 D - a +1 cloak of preservation
 I - a +2 pair of gloves (worn)
 X - a scarf of repulsion (worn)
Magical Staves
 a - the staff "Kudwod" (weapon) {rPois Will+ SInv Stlth- Earth}
   (You found it in the Desolation of Salt)

   [staff of earth]

   Base accuracy: +5 Base damage: 5 Base attack delay: 1.2 This weapon's minimum
   attack delay (0.6) is reached at skill level 12.
   rPois:     It protects you from poison.
   SInv:      It lets you see invisible.
   Earth:     It increases the power of your Earth spells.
   Will:      It increases your willpower.
   Stlth:     It makes you less stealthy.
   It falls into the 'Staves' category.
   It is a one-handed weapon.
 T - the staff "Pego" {rElec Dex+3 Air}
   (You found it on level 3 of the Elven Halls)

   [staff of air]

   Base accuracy: +5 Base damage: 5 Base attack delay: 1.2 This weapon's minimum
   attack delay (0.6) is reached at skill level 12.
   Dex:       It affects your dexterity (+3).
   rElec:     It insulates you from electricity.
   Air:       It increases the power of your Air spells.
   It falls into the 'Staves' category.
   It is a one-handed weapon.
 V - the staff "Heak" {rF+ Conj}
   (You found it on level 2 of the Depths)

   [staff of conjuration]

   Base accuracy: +5 Base damage: 5 Base attack delay: 1.2 This weapon's minimum
   attack delay (0.6) is reached at skill level 12.
   rF:        It protects you from fire.
   Conj:      It increases the power of your Conjurations spells.
   It falls into the 'Staves' category.
   It is a one-handed weapon.
 Y - the staff "Needomoj" {rPois Will+ Int+2 Conj}
   (You found it on level 5 of the Vaults)

   [staff of conjuration]

   Base accuracy: +5 Base damage: 5 Base attack delay: 1.2 This weapon's minimum
   attack delay (0.6) is reached at skill level 12.
   Int:       It affects your intelligence (+2).
   rPois:     It protects you from poison.
   Conj:      It increases the power of your Conjurations spells.
   Will:      It increases your willpower.
   It falls into the 'Staves' category.
   It is a one-handed weapon.
Jewellery
 h - the ring of Fyolurr {Fly rElec Str+3 Int+3}
   (You found it in the Desolation of Salt)

   [ring of flight]

   Str:       It affects your strength (+3).
   Int:       It affects your intelligence (+3).
   rElec:     It insulates you from electricity.
   Fly:       It grants you flight.
 p - an amulet of magic regeneration (around neck)
 q - an amulet of regeneration
 r - the ring of Beghuorph {Will+ rCorr Int+6 Dex+3}
   (You found it in the Desolation of Salt)

   [ring of intelligence]

   Int:       It affects your intelligence (+6).
   Dex:       It affects your dexterity (+3).
   rCorr:     It protects you from acid and corrosion.
   Will:      It increases your willpower.
 s - the ring of the Endless Expanse {rN+ EV+5 Str+3}
   (You took it off a deep elf archer on level 3 of the Elven Halls)

   [ring of evasion]

   EV:        It affects your evasion (+5).
   Str:       It affects your strength (+3).
   rN:        It protects you from negative energy.
 x - the ring of Doors (left hand) {Wiz rElec rPois Int+4 Stlth-}
   (You bought it in a shop on level 2 of the Orcish Mines)

   [ring of wizardry]

   It improves your spell success rate.
   Int:       It affects your intelligence (+4).
   rElec:     It insulates you from electricity.
   rPois:     It protects you from poison.
   Stlth:     It makes you less stealthy.
 E - the ring of Ceustum {rC++ AC+4 Stlth+}
   (You took it off a ragged hierophant in the Desolation of Salt)

   [ring of protection]

   AC:        It affects your AC (+4).
   rC:        It greatly protects you from cold.
   Stlth:     It makes you more stealthy.
 H - the ring "Evecot" {+Blink rF+ rC+ MP+9 Int+3}
   (You found it on level 13 of the Dungeon)

   [ring of magical power]

   Int:       It affects your intelligence (+3).
   rF:        It protects you from fire.
   rC:        It protects you from cold.
   MP:        It affects your magic capacity (+9).
   +Blink:    It lets you blink.
 K - the ring "Suomyxt" {*Corrode rElec rPois Dex+2 SInv}
   (You took it off an imperial myrmidon in the Desolation of Salt)

   [ring of poison resistance]

   Dex:       It affects your dexterity (+2).
   rElec:     It insulates you from electricity.
   rPois:     It protects you from poison.
   SInv:      It lets you see invisible.
   *Corrode:  It may corrode you when you take damage.
 M - the ring of Compulsion (right hand) {Fire rN++ Dex-4}
   (You bought it in a shop on level 2 of the Orcish Mines)

   [ring of fire]

   It enhances your fire magic.
   Dex:       It affects your dexterity (-4).
   rF:        It protects you from fire.
   rC:        It makes you vulnerable to cold.
   rN:        It greatly protects you from negative energy.
 W - the ring of Qosodut {rPois rC+ AC+4 Str+3 Dex+3}
   (You found it on level 2 of the Depths)

   [ring of protection]

   AC:        It affects your AC (+4).
   Str:       It affects your strength (+3).
   Dex:       It affects your dexterity (+3).
   rC:        It protects you from cold.
   rPois:     It protects you from poison.
Wands
 k - a wand of digging (13)
 t - a wand of acid (27)
 B - a wand of mindburst (30)
 F - a wand of iceblast (60)
 S - a wand of charming (53)
Scrolls
 c - 4 scrolls of enchant armour
 d - 12 scrolls of amnesia
 e - 12 scrolls of teleportation
 l - 7 scrolls of enchant weapon
 n - 13 scrolls of immolation
 w - 12 scrolls of fog
 y - 7 scrolls of blinking
 z - 3 scrolls of revelation
 N - 9 scrolls of poison
 O - 4 scrolls of butterflies
 Q - 4 scrolls of fear
Potions
 b - 5 potions of magic
 f - 9 potions of haste
 i - 12 potions of mutation
 m - 11 potions of ambrosia
 o - 4 potions of brilliance
 v - 20 potions of curing
 C - 6 potions of enlightenment
 G - 8 potions of resistance
 J - 7 potions of cancellation
 L - 10 potions of might
 P - 2 potions of invisibility
 U - 7 potions of heal wounds
Miscellaneous
 Z - a condenser vane


   Skills:
 - Level 7.0 Fighting
 - Level 12.0 Staves
 - Level 26.1 Dodging
 - Level 5.5 Stealth
 - Level 15.0 Shields
 - Level 15.0 Spellcasting
 + Level 23.8 Conjurations
 - Level 12.0 Necromancy
 - Level 5.0 Translocations
 + Level 23.1 Fire Magic
 O Level 27 Earth Magic
 - Level 7.0 Poison Magic
 - Level 11.4 Evocations


You had one spell level left.
You knew the following spells:

 Your Spells              Type           Power      Damage    Failure   Level
a - Lehudib's Crystal Sp  Conj/Erth      69%        10d16     1%          8
b - Starburst             Conj/Fire      66%        6d17      1%          6
c - Iskenderun's Mystic   Conj/Tloc      88%        2d17      1%          4
d - Orb of Destruction    Conj           55%        9d14      1%          7
e - Olgreb's Toxic Radia  Pois           63%        N/A       1%          4
f - Fire Storm            Conj/Fire      66%        8d17      4%          9
g - Dispel Undead         Necr           81%        3d26      1%          4
h - Shatter               Erth           70%        3d52*     1%          9
P - Blink                 Tloc           100%       N/A       1%          2
Q - Sublimation of Blood  Necr           81%        N/A       1%          2

Your spell library contained the following spells:

 Spells                   Type           Power      Damage    Failure   Level
 Kiss of Death            Conj/Necr      100%       2d13      0%          1
 Magic Dart               Conj           100%       1d8       0%          1
 Sandblast                Erth           100%       2d20      0%          1
 Apportation              Tloc           100%       N/A       1%          1
 Freeze                   Ice            96%        1d10      1%          1
 Necrotise                Necr           100%       1d9       1%          1
 Shock                    Conj/Air       100%       1d9       1%          1
 Sting                    Tmut/Pois      100%       1d8       1%          1
 Beastly Appendage        Tmut           48%        N/A       2%          1
 Slow                     Hex            96%        N/A       2%          1
 Summon Small Mammal      Summ           96%        N/A       2%          1
 Scorch                   Fire           100%       2d9       0%          2
 Searing Ray              Conj           100%       2d8       0%          2
 Stone Arrow              Conj/Erth      100%       3d13      0%          3
 Flame Wave               Conj/Fire      100%       2d21      0%          4
 Sticky Flame             Conj/Fire      100%       2d11      0%          4
 Fireball                 Conj/Fire      66%        3d25      0%          5
 Lee's Rapid Deconstruct  Erth           70%        3d32*     0%          5
 Cigotuvi's Dreadful Rot  Necr/Pois/Air  100%       N/A       1%          2
 Lesser Beckoning         Tloc           100%       N/A       1%          2
 Momentum Strike          Conj/Tloc      100%       3d10      1%          2
 Passwall                 Tmut/Erth      89%        N/A       1%          2
 Poisonous Vapours        Pois/Air       94%        N/A       1%          2
 Static Discharge         Conj/Air       100%       2-7/arc   1%          2
 Dazzling Flash           Conj/Hex       100%       N/A       1%          3
 Hailstorm                Conj/Ice       80%        3d16      1%          3
 Ignite Poison            Fire/Tmut/Pois 95%        N/A       1%          3
 Inner Flame              Hex/Fire       100%       N/A       1%          3
 Mephitic Cloud           Conj/Pois/Air  75%        N/A       1%          3
 Spider Form              Tmut/Pois      47%        N/A       1%          3
 Vampiric Draining        Necr           81%        2d11      1%          3
 Volatile Blastmotes      Fire/Tloc      100%       2d18      1%          3
 Anguish                  Hex/Necr       29%        N/A       1%          4
 Animate Armour           Summ/Erth      100%       N/A       1%          4
 Animate Dead             Necr           81%        N/A       1%          4
 Fulminant Prism          Conj/Hex       40%        3d19      1%          4
 Leda's Liquefaction      Hex/Erth       53%        N/A       1%          4
 Petrify                  Tmut/Erth      100%       N/A       1%          4
 Agony                    Necr           81%        N/A       1%          5
 Arcjolt                  Conj/Air       40%        1d50      1%          5
 Borgnjor's Vile Clutch   Necr/Erth      62%        N/A       1%          5
 Freezing Cloud           Conj/Ice/Air   33%        6-21      1%          5
 Irradiate                Conj/Tmut      40%        3d25      1%          5
 Leda's Unmaking          Conj/Erth      69%        9d11      1%          6
 Plasma Beam              Fire/Air       50%        2x1d65    1%          6
 Statue Form              Tmut/Erth      71%        N/A       1%          6
 Ignition                 Fire           66%        3d18      1%          8
 Frozen Ramparts          Ice            48%        1d8       2%          3
 Portal Projectile        Hex/Tloc       82%        N/A       2%          3
 Vhi's Electric Charge    Tloc/Air       82%        N/A       2%          3
 Death Channel            Necr           40%        N/A       2%          6
 Wereblood                Tmut           24%        N/A       3%          2
 Manifold Assault         Tloc           55%        N/A       3%          4
 Passage of Golubria      Tloc           55%        N/A       3%          4
 Spellforged Servitor     Conj/Summ      40%        N/A       4%          7
 Airstrike                Air            12%        2d(2-18)  7%          4
 Call Canine Familiar     Summ           24%        N/A       8%          3
 Confusing Touch          Hex            24%        N/A       8%          3
 Ozocubu's Armour         Ice            24%        N/A       8%          3
 Summon Guardian Golem    Hex/Summ       24%        N/A       8%          3
 Swiftness                Air            24%        N/A       8%          3
 Tukima's Dance           Hex            24%        N/A       8%          3
 Alistair's Intoxication  Tmut/Pois      31%        N/A       16%         5
 Yara's Violent Unravell  Hex/Tmut       12%        3d7       17%         5
 Eringya's Noxious Bog    Tmut/Pois      23%        N/A       22%         6
 Ice Form                 Ice/Tmut       24%        N/A       24%         4
 Summon Lightning Spire   Summ/Air       24%        N/A       24%         4
 Summon Forest            Summ/Tloc      20%        N/A       24%         5
 Simulacrum               Ice/Necr       29%        N/A       30%         6
 Blade Hands              Tmut           12%        N/A       52%         5
 Metabolic Englaciation   Hex/Ice        12%        N/A       52%         5
 Silence                  Hex/Air        12%        N/A       52%         5
 Summon Mana Viper        Hex/Summ       24%        N/A       52%         5
 Haunt                    Necr/Summ      29%        N/A       83%         7
 Chain Lightning          Conj/Air       40%        3d53      96%         9
 Summon Cactus Giant      Summ           12%        N/A       97%         6
 Ozocubu's Refrigeration  Ice            12%        4d10      97%         7
 Dragon Form              Tmut           12%        N/A       100%        7
 Enfeeble                 Hex            12%        N/A       100%        7
 Storm Form               Tmut/Air       12%        N/A       100%        7
 Summon Hydra             Summ           12%        N/A       100%        7
 Discord                  Hex            12%        N/A       100%        8
 Necromutation            Tmut/Necr      29%        N/A       100%        8
 Summon Horrible Things   Summ           12%        N/A       100%        8
 Death's Door             Necr           40%        N/A       100%        9


Dungeon Overview and Level Annotations

Branches:
Dungeon (15/15)            Temple (1/1) D:5            Lair (5/5) D:8
  Swamp (4/4) Lair:3       Spider (4/4) Lair:3        Slime (5/5) Lair:4
    Orc (2/2) D:9             Elf (3/3) Orc:2        Vaults (5/5) D:13
  Crypt (3/3) Vaults:3       Tomb (2/3) Crypt:3      Depths (4/4) D:15
    Zot (4/5) Depths:4      Sewer (visited)         Ossuary (visited)
Desolation (visited)

Altars:
Ashenzari
Cheibriados
Elyvilon
Gozag
Hepliaklqana
Kikubaaqudgha
Makhleb
Okawaru
Ru
Trog
Uskayaw
Vehumet
Wu Jian
Xom
Zin
The Shining One
Jiyva
Lugonu

Shops:
D:9 =   D:15 (   Orc:2 *=([   Elf:3 !   Vaults:4 ((   Depths:3 =

Portals:
Hell: Depths:1 Depths:2 Depths:3 Depths:4
Abyss: Depths:3 Depths:4
Pandemonium: Depths:4

Annotations:
D:4 1 runed translucent door, 1 exclusion, Crazy Yiuf, Ijyb
Lair:1 1 runed translucent door, Cifett's ghost, novice MiFi
Orc:1 unfinished
Elf:1 6 runed translucent doors
Elf:2 3 runed translucent doors


Innate Abilities, Weirdness & Mutations

You have a beak for a mouth.
Your skin changes colour to match your surroundings (Stealth+).
Armour fits poorly on your strangely shaped body.


Message History

You destroy the death scarab!
Vehumet accepts your kill.
You feel your power returning.
The royal mummy is almost destroyed.
Ka-crash!
You feel extremely nervous for a moment...
Pain shoots through your body!
* * * LOW HITPOINT WARNING * * *
You hear a faint skittering sound. x4; You hear a shout!
Huge Dmg: -12%(-17hp) hp: 33%(47hp)
Casting: Shatter (dangerous; 1% risk of failure)
Confirm with . or Enter, or press ? or * to list all spells.
You feel a surge of power!
The dungeon rumbles!
You destroy Boris!
Vehumet accepts your kill.
You feel your power returning. Boris says, "I'll get you next time!"
The harpy zombie is severely damaged.
You destroy the royal mummy!
Vehumet accepts your kill.
You feel your power returning.
You destroy the death scarab!
Vehumet accepts your kill.
You feel your power returning.
You destroy the royal mummy!
Vehumet accepts your kill.
You destroy the ettin skeleton!
Vehumet accepts your kill.
You destroy the death scarab!
Vehumet accepts your kill.
Ka-crash!
You feel extremely nervous for a moment...
Your body is wracked with pain!
* * * LOW HITPOINT WARNING * * *
You feel extremely nervous for a moment...
You feel horribly lethargic.
You feel yourself slow down.
You hear a faint skittering sound.
The wavering orb of destruction hits you!!!
You die...

,,,,*,,,*...†..###...(..*,,*,,,,,*
,,,,*,,,*................,,*,,,,,*
,,,,*,,,*.....†.........#,,*,^,,,*
,,,^*,,,,#.....^.........,,*,,^,,*
,,,,*,,,,...#............,,*,^,,,*
,,,<*,,,,#...............,,*,,,^,*
,,,,*,,,,.#....†.....#...,^*,,,,,*
,,,,*^^,,........†.......,,*,,,,,*
,,,,*,,,,.......☼@....#.,,,*,,,,,*
,,^,*,,,,.......[....#...,,*,,,,,*
*+***,,,,..............#,,,*,^,,^*
,,,,*,,,,.....[...^......,,*,,,^,*
,^,,*,,,*....#Z...[.....#,,***+***
,,,,*,,,*.........#....$.,,+^,^^,*
,,,,*,,,*......##........,,*,,,,,*
^,,,*,,,*,,....,...).....,,*,,,,^*
,,,,*,,,,,,,,,,,,,,,,,,,,,,*,,,,,*


You could see a harpy zombie.

Vanquished Creatures
  Dissolution (Slime:2)
  the Royal Jelly (Slime:5)
  2 dread liches
  Khufu (Crypt:1)
  3 ancient liches
  A juggernaut (Depths:1)
  30 royal mummies
  Boris (Tomb:2)
  Josephina (Depths:3)
  Sojobo (Depths:2)
  Bai Suzhen (Spider:4)
  A Killer Klown (Zot:3)
  Xtahua (Vaults:3)
  2 caustic shrikes
  Margery (Vaults:2)
  3 curse toes
  Saint Roka (Vaults:3)
  6 golden dragons
  A golden dragon (shapeshifter) (Vaults:3)
  Nikola (Swamp:2)
  5 bone dragons
  2 profane servitors
  A walking crystal tome (Depths:4)
  An electric golem (Zot:1)
  16 tentacled monstrosities
  A Hell Sentinel (Abyss:3)
  Mlioglotl (Spider:3)
  4 liches
  2 deep elf blademasters (Elf:3)
  15 acid blobs
  2 deep elf master archers (Elf:3)
  2 quicksilver dragons
  6 titans
  An Executioner (Abyss:2)
  23 tentacled starspawn
  14 sphinxes
  5 ancient champions
  Gastronok (Orc:1)
  Kirke (Swamp:1)
  2 thorn hunters
  5 death cobs
  A sphinx (shapeshifter) (Vaults:4)
  14 tengu reavers
  10 storm dragons
  9 shadow dragons
  2 draconian monks
  4 revenants
  Roxanne (Elf:3)
  4 draconian knights
  11 azure jellies
  A fenstrider witch (Swamp:3)
  An iron dragon (Vaults:5)
  5 rockslimes
  4 imperial myrmidons (Desolation)
  A caustic shrike zombie (Abyss:2)
  6 frost giants
  Aizul (Swamp:4)
  15 vault wardens
  6 emperor scorpions (Spider:4)
  3 balrugs (Depths:3)
  6 ghost moths
  3 draconian shifters
  A draconian scorcher (Zot:3)
  5 deep elf sorcerers
  A curse skull (Crypt:3)
  An emperor scorpion (shapeshifter) (Vaults:5)
  7 fire giants
  A juggernaut zombie (Abyss:3)
  4 deep elf elementalists (Elf:3)
  5 orc warlords
  17 ironbound preservers
  4 spriggan defenders
  A caustic shrike skeleton (Abyss:2)
  10 formless jellyfish
  4 draconian annihilators
  30 very ugly things
  A broodmother (Spider:4)
  A draconian stormcaller (Zot:2)
  23 stone giants
  5 war gargoyles
  9 quicksilver oozes
  9 deep elf demonologists
  9 ghouls
  7 ironbound thunderhulks
  4 green draconians
  2 juggernaut skeletons (Depths:2)
  9 vampire knights
  2 eleionomae
  5 yellow draconians
  13 deep elf annihilators
  A dire elephant (shapeshifter) (Depths:4)
  9 black draconians
  12 purple draconians
  3 bunyips
  4 spark wasps
  2 white draconians
  2 halazid warlocks (Desolation)
  4 eidola
  7 red draconians
  11 ettins
  5 dire elephants
  A crystal guardian (Desolation)
  6 deep elf death magi
  13 jiangshi
  An entropy weaver (Spider:3)
  3 deep elf high priests
  9 fire dragons
  17 yaktaur captains
  11 servants of whispers
  A blizzard demon (Abyss:2)
  5 great orbs of eyes
  10 mummy priests
  12 ragged hierophants (Desolation)
  2 spriggan zombies
  32 vault guards
  4 rakshasas
  Harold (D:10)
  4 peacekeepers (Desolation)
  2 fenstrider witch zombies (Crypt:3)
  13 ice dragons
  4 ghost crabs
  3 ogre magi
  Erica (D:10)
  9 hydras
  A radroach (Spider:3)
  9 ironbound frosthearts
  6 spriggan air magi
  A catoblepas (Lair:5)
  10 two-headed ogres
  8 boulder beetles
  An Orb Guardian skeleton (Crypt:2)
  10 centaur warriors
  5 alligators
  8 demonic crawlers
  14 dancing weapons
  5 tengu warriors
  6 death yaks
  9 death scarabs (Tomb:2)
  5 death knights
  4 deep troll shamans
  7 vampire magi
  A titan zombie (Depths:2)
  16 spriggan berserkers
  6 deep troll earth magi
  16 thrashing horrors
  3 hell hogs (Depths:3)
  An orc high priest (Orc:2)
  3 sun demons
  Sonja (Orc:1)
  19 deep elf knights
  4 soul eaters
  21 wretched stars
  A skyshark (Lair:2)
  2 storm dragon skeletons (Depths:2)
  20 spriggans
  69 skeletal warriors
  7 titan skeletons
  4 hell knights
  A shadow wraith (Vaults:5)
  A sixfirhy (Abyss:2)
  A spark wasp zombie (Crypt:2)
  4 goliath frogs
  3 iron trolls
  2 pharaoh ants
  3 spatial maelstroms
  An anaconda zombie (Crypt:3)
  3 spriggan druids
  10 orb spiders
  16 deep elf archers
  8 flayed ghosts
  A bunyip zombie (Tomb:1)
  4 glowing orange brains
  33 deep trolls
  7 steelbarb worms
  A lindwurm (shapeshifter) (D:14)
  5 swamp dragons
  3 golden dragon skeletons (Depths:2)
  11 wizards
  23 ironbound convokers
  16 bog bodies
  A tengu zombie (Depths:2)
  5 necromancers
  8 phantasmal warriors
  13 lindwurms
  14 orc knights
  34 deep elf pyromancers
  20 deep elf zephyrmancers
  An eleionoma zombie (Crypt:1)
  6 harpies
  A tengu skeleton (Depths:2)
  6 cyclopes
  A manticore (shapeshifter) (Abyss:4)
  16 wolf spiders
  7 manticores
  3 will-o-the-wisps
  39 ugly things
  5 sphinx skeletons
  Maurice (Orc:1)
  A dire elephant zombie (Abyss:2)
  3 stone giant skeletons
  3 iron dragon skeletons
  8 fire giant skeletons
  4 stone giant zombies
  4 worldbinders
  4 shining eyes
  6 orc sorcerers
  6 apocalypse crabs
  23 moths of wrath
  13 elephants
  2 guardian serpents (Desolation)
  2 rust devils
  4 frost giant skeletons (Depths:2)
  3 eyes of devastation
  2 black mambas
  5 gargoyles
  An orange demon (Abyss:2)
  13 vault sentinels
  10 cane toads
  A naga skeleton (Tomb:1)
  14 smoke demons
  2 torpor snails
  2 centaur skeletons
  A dire elephant skeleton (Crypt:3)
  2 elephant slug zombies
  An unseen horror (Abyss:2)
  2 hellions
  4 rime drakes
  Psyche (D:9)
  An ice devil (Abyss:2)
  30 yaktaurs
  11 komodo dragons
  A yaktaur (shapeshifter) (Vaults:5)
  11 guardian mummies
  4 efreet
  8 ancient zymes
  3 tengu conjurers
  A queen bee (Abyss:5)
  A red draconian skeleton (Crypt:1)
  A red devil (Abyss:2)
  4 bloated husks
  14 freezing wraiths
  A hellwing (Abyss:2)
  8 trolls
  A hydra zombie (Crypt:3)
  A meliai (shapeshifter) (Depths:3)
  11 polar bears
  Grinder (D:3)
  A harpy skeleton (Crypt:3)
  18 hornets
  5 tyrant leeches
  8 meliai
  A tengu simulacrum (Depths:3)
  5 blink frogs
  12 tarantellas
  33 raiju
  62 saltlings
  A dream sheep (Lair:1)
  89 slime creatures
  An ice dragon zombie (Crypt:1)
  A frost giant simulacrum (Depths:3)
  A fire dragon zombie (Crypt:2)
  22 flying skulls
  3 air elementals
  14 wraiths
  16 jumping spiders
  A fire giant simulacrum (Depths:2)
  8 ynoxinuls
  10 fire dragon skeletons (Crypt:3)
  9 shadows
  12 culicivoras
  A culicivora (shapeshifter) (Vaults:5)
  A satyr skeleton (Crypt:2)
  11 vampires
  6 fire elementals
  4 ettin skeletons
  8 water elementals
  22 yaks
  6 ushabtiu (Tomb:1)
  4 wyverns
  13 humans
  A black mamba skeleton (Tomb:2)
  A hog (shapeshifter) (D:13)
  8 spriggan skeletons
  A golden eye (Slime:5)
  2 hogs (Swamp:1)
  A fire bat (Abyss:2)
  A golden eye (shapeshifter) (Abyss:1)
  27 starcursed masses
  2 steam dragons
  3 swamp worm simulacra (Swamp:4)
  Eustachio (D:6)
  A basilisk (Lair:5)
  20 vampire mosquitoes
  3 neqoxecs
  36 redbacks
  Menkaure (D:6)
  Edmund (D:6)
  7 chaos spawn
  A redback (shapeshifter) (Vaults:5)
  7 wargs
  2 spatial vortices (Abyss:2)
  28 swamp worms
  25 large abominations
  12 hydra simulacra (Swamp:4)
  12 hell hounds (Lair:5)
  An acid dragon (shapeshifter) (Depths:4)
  17 water moccasins
  5 acid dragons
  A floating eye (Depths:4)
  Duvessa (D:6)
  22 small abominations
  3 swamp drakes
  An ice beast (Abyss:1)
  14 black bears
  An elf simulacrum (Vaults:4)
  10 ogres
  An ogre (shapeshifter) (Vaults:5)
  37 orc warriors
  11 centaurs
  23 wolves
  5 boggarts (Vaults:2)
  A phantom (D:4)
  2 elf zombies (Ossuary)
  4 kobold brigands
  11 bullfrogs
  A glowing shapeshifter simulacrum (Depths:3)
  5 earth elementals
  3 scorpions
  4 wights (D:9)
  Dowan (D:6)
  8 killer bees
  8 electric eels
  5 howler monkeys
  A yak skeleton (Crypt:1)
  2 human zombies (Ossuary)
  3 quasits
  6 hounds
  12 jellies
  23 orc priests
  2 gnoll boudas
  An iron imp (Abyss:2)
  A sleepcap (D:6)
  A basilisk skeleton (Crypt:2)
  3 iguanas (Lair:5)
  23 orc wizards
  An acid dragon skeleton (Crypt:2)
  15 mummies
  4 gnolls (D:7)
  10 adders
  A river rat (D:6)
  3 shadow imps
  2 white imps
  5 ufetubi
  5 swamp drake simulacra (Swamp:4)
  4 worms
  4 dart slugs
  76 orcs
  3 bats
  17 endoplasms
  4 giant cockroaches
  2 gnoll zombies (Ossuary)
  3 goblins
  15 hobgoblins
  4 jackals
  9 quokkas
  11 ball pythons
  8 frilled lizards
  A hobgoblin zombie (Ossuary)
  2 jackal zombies (Ossuary)
  28 kobolds
  A kobold skeleton (Crypt:2)
  6 rats
  3 rat zombies (Ossuary)
  4 lurking horrors
  10 starspawn tentacles
2751 creatures vanquished.

Vanquished Creatures (collateral kills)
  A royal mummy (Tomb:1)
  An azure jelly (Slime:5)
  A great orb of eyes (Slime:5)
  2 slime creatures
  2 mummies (Tomb:1)
7 creatures vanquished.

Vanquished Creatures (others)
  A golden dragon (Zot:4)
  A deep elf zephyrmancer (Elf:3)
  An air elemental (Elf:2)
  A neqoxec (Abyss:4)
  A glowing shapeshifter simulacrum (Depths:3)
  An orc wizard (D:3)
  79 fire vortices
  6 foxfires
  A lurking horror (Abyss:4)
  17 starspawn tentacles
109 creatures vanquished.

Grand Total: 2867 creatures vanquished

Notes
Turn   | Place    | Note
-------+----------+-------------------------------------------
     0 | D:1      | RepHenryClay the Deep Elf Conjurer began the quest for the
                  | Orb.
     0 | D:1      | Reached XP level 1. HP: 10/10 MP: 6/6
   189 | D:1      | Reached XP level 2. HP: 15/15 MP: 5/8
  1064 | D:2      | Reached XP level 3. HP: 19/19 MP: 3/10
  1385 | D:2      | Found a faded altar of an unknown god.
  1410 | D:2      | Reached XP level 4. HP: 24/24 MP: 4/11
  2267 | D:3      | Reached skill level 5 in Conjurations
  2269 | D:3      | Noticed Grinder
  2284 | D:3      | Paralysed by Grinder for 3 turns
  2291 | D:3      | Paralysed by Grinder for 2 turns
  2296 | D:3      | Killed Grinder
  2297 | D:3      | Reached skill level 5 in Spellcasting
  2297 | D:3      | Reached XP level 5. HP: 21/28 MP: 2/14
  2297 | D:3      | Reached XP level 6. HP: 24/32 MP: 2/15
  2346 | D:2      | Learned a level 2 spell: Searing Ray
  2600 | D:3      | Reached skill level 5 in Stealth
  3355 | D:4      | Found a sand-covered staircase.
  3365 | Ossuary  | Entered an ossuary
  3577 | Ossuary  | Reached skill level 5 in Dodging
  3577 | Ossuary  | Reached XP level 7. HP: 22/36 MP: 6/17
  3829 | Ossuary  | Identified the +0 ring mail "Usaeluf" {rPois}
  4209 | D:4      | Found a broken altar of Ashenzari.
  4209 | D:4      | Noticed Ijyb
  4227 | D:4      | You fall into a shaft and drop 1 floor!
  4227 | D:5      | Entered Level 5 of the Dungeon
  4795 | D:4      | Found a runed translucent door.
  4796 | D:4      | Noticed Crazy Yiuf
  4804 | D:4      | Learned a level 4 spell: Iskenderun's Mystic Blast
  4884 | D:4      | Reached XP level 8. HP: 6/41 MP: 9/18
  5073 | D:5      | Found a staircase to the Ecumenical Temple.
  5079 | Temple   | Entered the Ecumenical Temple
  5101 | Temple   | Became a worshipper of Vehumet
  5846 | D:6      | Noticed Duvessa
  5846 | D:6      | Noticed Dowan
  5846 | D:6      | Noticed Menkaure
  5851 | D:6      | Killed Dowan
  5853 | D:6      | Killed Duvessa
  5919 | D:6      | Noticed Edmund
  5921 | D:6      | Killed Menkaure
  5922 | D:6      | Reached skill level 5 in Translocations
  5933 | D:6      | Killed Edmund
  6083 | D:6      | Found a glowing drain.
  6098 | Sewer    | Entered a sewer
  6152 | Sewer    | Reached * piety under Vehumet
  6152 | Sewer    | Offered knowledge of Sandblast by Vehumet.
  7362 | D:6      | Noticed Eustachio
  7390 | D:6      | Killed Eustachio
  7561 | D:6      | Learned a level 3 spell: Stone Arrow
  7738 | D:7      | Reached XP level 9. HP: 45/45 MP: 13/20
  7741 | D:7      | Reached skill level 1 in Earth Magic
  7850 | D:7      | Reached skill level 2 in Earth Magic
  7858 | D:6      | Reached ** piety under Vehumet
  7858 | D:6      | Offered knowledge of Static Discharge by Vehumet.
  7859 | D:6      | Reached skill level 3 in Earth Magic
  7981 | D:7      | Reached skill level 4 in Earth Magic
  8090 | D:7      | Identified the +1 plate armour of Sunlight {Rampage Will-
                  | Str+2}
  8184 | D:7      | Reached skill level 5 in Earth Magic
  8438 | D:7      | Found an ornate altar of the Wu Jian Council.
  8521 | D:7      | Found an iron altar of Okawaru.
  8696 | D:8      | Found an ancient bone altar of Kikubaaqudgha.
  8730 | D:8      | Noticed a komodo dragon
  8731 | D:8      | Offered knowledge of Hailstorm by Vehumet.
  8831 | D:8      | Killed a komodo dragon
  8832 | D:8      | Reached skill level 10 in Conjurations
  8895 | D:8      | Found a staircase to the Lair.
  9757 | D:9      | Reached XP level 10. HP: 43/50 MP: 14/21
  9806 | D:9      | Found Mufroemu's Jewellery Emporium.
  9918 | D:9      | Noticed Psyche
  9922 | D:9      | Killed Psyche
  9930 | D:9      | Reached *** piety under Vehumet
 10055 | D:9      | Found a staircase to the Orcish Mines.
 10063 | D:9      | Offered knowledge of Frozen Ramparts by Vehumet.
 10068 | D:9      | Reached skill level 10 in Dodging
 10326 | D:9      | Noticed a cyan ugly thing
 10331 | D:9      | Killed a cyan ugly thing
 10332 | D:9      | Noticed a deep elf pyromancer
 10343 | D:9      | Killed a deep elf pyromancer
 10461 | D:9      | Noticed a torpor snail
 10463 | D:9      | Found a snail-covered altar of Cheibriados.
 10463 | D:9      | Noticed a torpor snail
 10463 | D:9      | Noticed a torpor snail
 10743 | D:9      | Found a hazy altar of Hepliaklqana.
 10750 | D:9      | Found a glowing golden altar of the Shining One.
 11238 | D:9      | Found an opulent altar of Gozag.
 11318 | D:9      | Found a glowing silver altar of Zin.
 11432 | D:9      | Bought a +6 ring of intelligence for 432 gold pieces
 11474 | Orc:1    | Entered Level 1 of the Orcish Mines
 11821 | Orc:2    | Entered Level 2 of the Orcish Mines
 11925 | Orc:2    | Reached **** piety under Vehumet
 11980 | Orc:1    | Noticed Sonja
 11982 | Orc:1    | Killed Sonja
 11985 | Orc:1    | Noticed Maurice
 11990 | Orc:1    | Reached XP level 11. HP: 52/54 MP: 5/22
 12184 | Orc:1    | Killed Maurice
 12413 | Lair:1   | Entered Level 1 of the Lair of Beasts
 12522 | Lair:1   | Offered knowledge of Irradiate by Vehumet.
 12738 | D:8      | Upgraded the game from 0.31-a0-164-g2312942fda to
                  | 0.31-a0-167-g1c394c0614
 12770 | D:10     | Entered Level 10 of the Dungeon
 12789 | D:10     | Noticed Harold
 12805 | D:10     | Killed Harold
 13087 | D:10     | Noticed Erica
 13088 | D:10     | Noticed a two-headed ogre
 13093 | D:10     | Killed Erica
 13093 | D:10     | Noticed a two-headed ogre
 13178 | D:10     | Killed a two-headed ogre
 13277 | D:10     | Killed a two-headed ogre
 13781 | D:11     | Noticed a two-headed ogre
 13788 | D:11     | Killed a two-headed ogre
 14806 | D:12     | Noticed a two-headed ogre
 14814 | D:12     | Killed a two-headed ogre
 14815 | D:12     | Reached XP level 12. HP: 32/59 MP: 7/23
 14967 | D:12     | Reached skill level 1 in Fighting
 15242 | D:12     | Noticed a boulder beetle
 15252 | D:12     | Killed a boulder beetle
 16187 | D:8      | HP: 3/67 [elephant (13)]
 16498 | D:8      | Reached skill level 5 in Fighting
 16828 | Lair:1   | Noticed a death yak
 16848 | Lair:1   | Killed a death yak
 17034 | Lair:1   | Noticed a death yak
 17035 | Lair:1   | Noticed a death yak
 17043 | Lair:1   | Noticed a death yak
 17060 | Lair:1   | Killed a death yak
 17183 | Lair:1   | Found a runed translucent door.
 17187 | Lair:1   | Noticed Cifett's ghost (novice MiFi)
 17188 | Lair:1   | Identified the +5 spear of Qudam {pain, rN+ rCorr}
 17319 | D:8      | Killed a death yak
 17393 | Lair:1   | Killed a death yak
 18176 | Lair:2   | Noticed a death yak
 18194 | Lair:2   | Noticed a death yak
 18197 | Lair:2   | Killed a death yak
 18291 | Lair:2   | Killed a death yak
 18360 | Lair:2   | Reached skill level 10 in Spellcasting
 18360 | Lair:2   | Reached XP level 13. HP: 76/76 MP: 7/29
 19905 | Lair:3   | Found a hole to the Spider Nest.
 19911 | Lair:3   | Reached skill level 15 in Dodging
 20007 | Lair:3   | Reached ***** piety under Vehumet
 20223 | Lair:3   | Offered knowledge of Starburst by Vehumet.
 20769 | Lair:3   | Found a staircase to the Swamp.
 21353 | Lair:4   | Found a staircase to the Slime Pits.
 21877 | Lair:4   | Reached skill level 15 in Conjurations
 22480 | Lair:5   | Entered Level 5 of the Lair of Beasts
 23921 | Lair:5   | Offered knowledge of Olgreb's Toxic Radiance by Vehumet.
 23922 | Lair:5   | Reached XP level 14. HP: 82/82 MP: 23/32
 24077 | Lair:4   | Learned a level 4 spell: Olgreb's Toxic Radiance
 24088 | Lair:5   | Reached skill level 1 in Poison Magic
 24977 | Lair:5   | Reached skill level 5 in Poison Magic
 25402 | Orc:2    | Noticed an orc warlord
 25559 | Orc:2    | Killed an orc warlord
 25748 | Orc:2    | Offered knowledge of Iskenderun's Battlesphere by Vehumet.
 26159 | Orc:2    | Noticed an orc warlord
 26170 | Orc:2    | Killed an orc warlord
 26431 | Orc:2    | Paralysed by an orc sorcerer for 2 turns
 26599 | Orc:1    | Noticed Gastronok
 26657 | Orc:1    | Killed Gastronok
 27000 | Orc:2    | Found Celet's Antique Armour Shop.
 27073 | Orc:2    | Found Nutoupt's Antique Weapon Shop.
 27093 | Orc:2    | Found a staircase to the Elven Halls.
 27196 | Orc:2    | Found Ezxarruh's Jewellery Shop.
 27211 | Orc:2    | Found Uvvuha's General Store.
 27218 | Orc:2    | Bought a scroll of identify for 24 gold pieces
 27346 | Orc:2    | Bought the ring of Doors {Wiz rElec rPois Int+4 Stlth-} for
                  | 772 gold pieces
 27346 | Orc:2    | Bought an amulet of magic regeneration for 420 gold pieces
 27353 | Orc:2    | Identified a scroll of acquirement
 27357 | Orc:2    | Reached XP level 15. HP: 86/86 MP: 33/33
 27358 | Orc:2    | Acquired a +0 pair of boots of stealth
 27949 | D:13     | Found a gate to the Vaults.
 28178 | D:13     | Identified the ring "Evecot" {+Blink rF+ rC+ MP+9 Int+3}
 28702 | D:14     | Found a frozen archway.
 28797 | D:14     | Reached XP level 16. HP: 64/92 MP: 27/34
 29310 | D:15     | Entered Level 15 of the Dungeon
 29626 | D:15     | Found Oruafyd's Antique Weapon Shoppe.
 29873 | D:15     | Found a shimmering altar of Xom.
 29875 | D:15     | Found a bloodstained altar of Trog.
 29875 | D:15     | Found a white marble altar of Elyvilon.
 29877 | D:15     | Found a broken altar of Ashenzari.
 29877 | D:15     | Found a burning altar of Makhleb.
 29877 | D:15     | Found an ancient bone altar of Kikubaaqudgha.
 30372 | D:15     | Found a staircase to the Depths.
 30646 | Spider:1 | Entered Level 1 of the Spider Nest
 31081 | Spider:1 | Offered knowledge of Eringya's Noxious Bog by Vehumet.
 31567 | Spider:1 | Learned a level 8 spell: Lehudib's Crystal Spear
 32207 | Spider:2 | Reached skill level 6 in Earth Magic
 32684 | Spider:2 | Reached skill level 7 in Earth Magic
 33603 | Spider:3 | Reached skill level 8 in Earth Magic
 34040 | Spider:3 | Reached skill level 9 in Earth Magic
 34627 | Elf:1    | Entered Level 1 of the Elven Halls
 35191 | Elf:1    | Identified the +0 war axe of Crawling {venom, *Noise rCorr
                  | Int+5}
 35246 | Elf:1    | Reached skill level 10 in Earth Magic
 35558 | Elf:1    | Paralysed by an air elemental for 1 turns
 35693 | Elf:1    | Reached skill level 1 in Shields
 35747 | Elf:1    | Reached XP level 17. HP: 46/96 MP: 33/35
 36387 | Elf:1    | Identified the +9 spear of the Special Beasts {heavy,
                  | Fragile Str+4 SInv}
 36392 | Elf:1    | Reached ****** piety under Vehumet
 36397 | Elf:1    | Reached skill level 5 in Shields
 36399 | Elf:1    | You fall into a shaft and drop 1 floor!
 36696 | Elf:1    | Offered knowledge of Spellforged Servitor by Vehumet.
 36700 | Elf:1    | Found a runed translucent gate.
 36700 | Elf:1    | Found a runed translucent gate.
 36700 | Elf:1    | Found a runed translucent gate.
 36700 | Elf:1    | Found a runed translucent gate.
 36700 | Elf:1    | Found a runed translucent gate.
 36722 | Elf:1    | Found a runed translucent gate.
 36798 | Elf:1    | Reached skill level 11 in Earth Magic
 37085 | Elf:1    | Paralysed by an air elemental for 1 turns
 37343 | Elf:2    | Reached skill level 12 in Earth Magic
 37653 | Elf:2    | Found a runed translucent gate.
 37653 | Elf:2    | Found a runed translucent gate.
 37653 | Elf:2    | Found a runed translucent gate.
 37926 | Elf:3    | Entered Level 3 of the Elven Halls
 37941 | Elf:3    | Reached skill level 13 in Earth Magic
 38140 | Elf:3    | Found Ihoeru's Distillery.
 38143 | Elf:3    | Bought a potion of degeneration for 10 gold pieces
 38714 | Spider:3 | Reached skill level 14 in Earth Magic
 39499 | Spider:4 | Entered Level 4 of the Spider Nest
 39518 | Spider:4 | Noticed Mlioglotl
 39736 | Spider:3 | Killed Mlioglotl
 39974 | Spider:4 | Reached skill level 15 in Earth Magic
 39980 | Spider:3 | Upgraded the game from 0.31-a0-167-g1c394c0614 to
                  | 0.31-a0-175-g9f7f995f2b
 40305 | Spider:4 | Noticed Bai Suzhen
 40424 | Spider:4 | Killed Bai Suzhen
 40425 | Spider:4 | Reached XP level 18. HP: 101/101 MP: 14/37
 41078 | Spider:4 | Offered knowledge of Ozocubu's Refrigeration by Vehumet.
 41686 | Spider:4 | Reached skill level 15 in Spellcasting
 41728 | Spider:4 | Got a gossamer rune of Zot
 41918 | Swamp:1  | Entered Level 1 of the Swamp
 41918 | Swamp:1  | Noticed Kirke
 41923 | Swamp:1  | Killed Kirke
 42764 | Swamp:2  | Noticed Nikola
 42780 | Swamp:2  | Killed Nikola
 43232 | Swamp:2  | Learned a level 4 spell: Dispel Undead
 43249 | Swamp:2  | Reached skill level 1 in Necromancy
 43771 | Swamp:3  | Reached skill level 5 in Necromancy
 43845 | Swamp:3  | Offered knowledge of Maxwell's Capacitive Coupling by
                  | Vehumet.
 44478 | Swamp:4  | Entered Level 4 of the Swamp
 44904 | Swamp:4  | Noticed Aizul
 44913 | Swamp:4  | Killed Aizul
 44956 | Swamp:4  | Reached skill level 1 in Evocations
 44961 | Swamp:4  | Reached skill level 1 in Staves
 46018 | Swamp:4  | Got a decaying rune of Zot
 46353 | Orc:2    | Bought a runed robe for 125 gold pieces
 46497 | Vaults:1 | Entered Level 1 of the Vaults
 46704 | Vaults:1 | Reached XP level 19. HP: 105/105 MP: 34/40
 46757 | Vaults:1 | Offered knowledge of Fire Storm by Vehumet.
 46757 | Vaults:1 | Offered knowledge of Shatter by Vehumet.
 46757 | Vaults:1 | Offered knowledge of Chain Lightning by Vehumet.
 46771 | Vaults:1 | Learned a level 9 spell: Shatter
 46944 | Vaults:1 | Reached skill level 16 in Earth Magic
 47881 | Vaults:2 | Noticed Margery
 47886 | Vaults:2 | Killed Margery
 47896 | Vaults:2 | Reached skill level 17 in Earth Magic
 48462 | Vaults:2 | Reached skill level 18 in Earth Magic
 49494 | Vaults:3 | Noticed Xtahua
 49497 | Vaults:3 | Killed Xtahua
 49531 | Vaults:3 | Found a crumbling gateway.
 49599 | Desolati | Entered the Desolation of Salt
 49606 | Desolati | Reached skill level 19 in Earth Magic
 49625 | Desolati | Reached XP level 20. HP: 91/111 MP: 41/41
 49644 | Desolati | Identified the ring of Ceustum {rC++ AC+4 Stlth+}
 49707 | Desolati | Reached skill level 20 in Earth Magic
 49820 | Desolati | Identified the staff of earth "Kudwod" {rPois Will+ SInv
                  | Stlth-}
 49836 | Desolati | Identified the ring of Beghuorph {Will+ rCorr Int+6 Dex+3}
 49938 | Desolati | Identified the +5 halberd of Jekergh {flame, rC+ Dex+2}
 49981 | Desolati | Got the Quarto of Torrid Clay
 49982 | Desolati | Identified the ring of Fyolurr {Fly rElec Str+3 Int+3}
 50014 | Desolati | Identified the ring "Suomyxt" {*Corrode rElec rPois Dex+2
                  | SInv}
 50171 | Desolati | Identified the +3 scimitar of Untruth {freeze, *Noise rElec
                  | Will+++ Str-2}
 50349 | Desolati | Identified the +6 mace "Qusos" {antimagic, rPois rF- rC+
                  | Int+2}
 50351 | Desolati | Got the Discursus on Hazy Toxicity
 50632 | Vaults:3 | Reached skill level 21 in Earth Magic
 51102 | Vaults:3 | Noticed a golden dragon
 51108 | Vaults:3 | Killed a golden dragon
 51191 | Vaults:3 | Reached skill level 22 in Earth Magic
 51487 | Vaults:3 | Noticed Saint Roka
 51945 | Vaults:3 | Found a staircase to the Crypt.
 52269 | Vaults:3 | Killed Saint Roka
 52504 | Vaults:4 | Reached skill level 23 in Earth Magic
 53039 | Vaults:4 | Reached XP level 21. HP: 115/115 MP: 28/42
 53739 | Vaults:4 | Found Lifo's Antique Weapon Emporium.
 54136 | Vaults:4 | Reached skill level 24 in Earth Magic
 54170 | Vaults:4 | Found Identic's Weapon Shop.
 55021 | Elf:3    | Identified Roxanne's Compilation of Topography
 55021 | Elf:3    | Noticed Roxanne
 55519 | Elf:3    | Killed Roxanne
 55620 | Elf:3    | Reached skill level 25 in Earth Magic
 55798 | Elf:3    | Identified the ring of the Endless Expanse {rN+ EV+5 Str+3}
 55861 | Elf:3    | Identified the +3 leather armour "Wuolacur" {Rampage rCorr
                  | Str+2 Int+3}
 55861 | Elf:3    | Identified the ring of Meyst {Str+3 Dex+6 Slay+3}
 55933 | Elf:3    | Found the +8 trishula "Condemnation" {holy, anguish, *Noise
                  | Fly rN+}
 55938 | Elf:3    | Found the +2 shield of Resistance {rF++ rC++ Will++}
 55958 | Elf:3    | Got the Teachings on Momentum and Turbulence
 55970 | Elf:3    | Got Sif Muna's Folio of Airy Shifting
 55991 | Elf:3    | Identified the staff of air "Pego" {rElec Dex+3}
 56009 | Elf:3    | Identified the ring "Ifocuos" {Fire rPois Str+3 Int+4
                  | Dex-3}
 56336 | Elf:3    | Found Ihoeru's Distillery.
 57045 | Depths:1 | Entered Level 1 of the Depths
 57391 | Depths:1 | Found a gateway to Hell.
 57510 | Depths:1 | Noticed a caustic shrike
 57516 | Depths:1 | Killed a caustic shrike
 57598 | Depths:1 | Noticed a juggernaut
 57601 | Depths:1 | Killed a juggernaut
 58119 | Depths:2 | Reached XP level 22. HP: 120/120 MP: 39/43
 58162 | Depths:2 | Reached skill level 10 in Shields
 58255 | Depths:2 | Noticed Sojobo
 58261 | Depths:2 | Paralysed by an air elemental for 1 turns
 58677 | Depths:2 | Identified the staff of conjuration "Heak" {rF+}
 58679 | Depths:2 | Identified the ring of Qosodut {rPois rC+ AC+4 Str+3 Dex+3}
 58977 | Depths:2 | Killed Sojobo
 59668 | Depths:3 | Identified the +6 ring mail "Boerghiwe" {Int+4}
 59710 | Depths:3 | Found Ohite's Jewellery Emporium.
 59795 | Depths:3 | HP: 5/120 [spriggan air mage/the air (27)]
 60102 | Depths:3 | Identified the ring "Xumn" {Ice Will+ Int-3 Slay+5}
 60102 | Depths:3 | Noticed Josephina
 60106 | Depths:3 | Killed Josephina
 60306 | Depths:3 | Identified the +7 demon blade of Embarrassment {freeze, rC+
                  | Str+5 Dex+4}
 60488 | Depths:3 | Noticed a caustic shrike
 60492 | Depths:3 | Killed a caustic shrike
 60663 | Depths:3 | Found a corrupted altar of Lugonu.
 60664 | Depths:3 | Found a one-way gate to the infinite horrors of the Abyss.
 61183 | Depths:4 | Entered Level 4 of the Depths
 61372 | Depths:4 | Noticed a golden dragon
 61374 | Depths:4 | Killed a golden dragon
 61444 | Depths:4 | Found a gateway to a bazaar.
 61459 | Depths:4 | Reached XP level 23. HP: 124/124 MP: 29/44
 61692 | Depths:4 | Reached skill level 26 in Earth Magic
 61859 | Depths:4 | Found a gate to the Realm of Zot.
 62147 | Depths:4 | Found a white marble altar of Elyvilon.
 62148 | Depths:4 | Found a glowing silver altar of Zin.
 62150 | Depths:4 | Found a glowing golden altar of the Shining One.
 62348 | Depths:4 | Found a one-way gate leading to the halls of Pandemonium.
 62488 | Bazaar   | Entered a bazaar
 62537 | Bazaar   | Found Ucluis's Antique Weapon Emporium.
 62541 | Bazaar   | Found Yllitwea's Weapon Shoppe.
 62561 | Bazaar   | Found Peulu's Jewellery Shop.
 62576 | Bazaar   | Found Wuulyz's General Store.
 62591 | Bazaar   | Bought an amulet of regeneration for 510 gold pieces
 62915 | Vaults:5 | Entered Level 5 of the Vaults
 62919 | Vaults:5 | Noticed an ancient lich
 62920 | Vaults:5 | Killed an ancient lich
 62930 | Vaults:5 | Noticed a dread lich
 62933 | Vaults:5 | Killed a dread lich
 62934 | Vaults:5 | Reached skill level 27 in Earth Magic
 63161 | Vaults:5 | Reached XP level 24. HP: 90/130 MP: 38/44
 63416 | Vaults:5 | Identified the +8 short sword of Ysifomme {protect, rElec
                  | rF- rCorr Dex+3}
 63728 | Vaults:5 | Identified the ring "Fuker" {rF+ rCorr Dex+2 SInv}
 63730 | Vaults:5 | Identified the ring "Lihetetz" {Wiz Will+}
 63748 | Vaults:5 | Got a silver rune of Zot
 64006 | Vaults:5 | Identified the staff of conjuration "Needomoj" {rPois Will+
                  | Int+2}
 64031 | Vaults:5 | Identified the ring "Jaaret" {Fire Dex+3}
 64141 | Vaults:5 | Identified the +4 short sword of Optimality {freeze, rPois
                  | Str+2}
 64200 | Vaults:5 | Identified the +7 plate armour of Undesirable Species
                  | {Contam Dex+8}
 64345 | Vaults:5 | Learned a level 9 spell: Fire Storm
 64353 | Vaults:5 | Learned a level 7 spell: Orb of Destruction
 64361 | Vaults:5 | Learned a level 6 spell: Starburst
 65230 | Crypt:1  | Entered Level 1 of the Crypt
 65238 | Crypt:1  | Noticed Khufu
 65240 | Crypt:1  | Noticed a royal mummy
 65241 | Crypt:1  | Noticed a royal mummy
 65241 | Crypt:1  | Noticed a royal mummy
 65242 | Crypt:1  | Killed Khufu
 65243 | Crypt:1  | Reached skill level 5 in Fire Magic
 65243 | Crypt:1  | Killed a royal mummy
 65244 | Crypt:1  | Killed a royal mummy
 65244 | Crypt:1  | Killed a royal mummy
 65594 | Crypt:1  | Reached skill level 10 in Fire Magic
 66483 | Crypt:2  | Reached skill level 15 in Fire Magic
 66550 | Crypt:2  | Reached skill level 5 in Staves
 66610 | Crypt:2  | Found the crystal ball of Wucad Mu {*channel}
 66670 | Crypt:2  | Acquired 1382 gold pieces
 67174 | Crypt:3  | Entered Level 3 of the Crypt
 67620 | Crypt:3  | Identified the +1 dagger of the Head {freeze, rF+ Will+
                  | Int-5}
 67785 | Crypt:3  | Got the Vellum of Left-Handed Magicks
 67826 | Crypt:3  | Found a staircase to the Tomb.
 67965 | Crypt:3  | Reached skill level 10 in Staves
 67983 | Crypt:3  | Reached XP level 25. HP: 134/134 MP: 33/44
 68192 | Crypt:3  | Noticed a dread lich
 68198 | Crypt:3  | Killed a dread lich
 68276 | Crypt:3  | Noticed an ancient lich
 68277 | Crypt:3  | Killed an ancient lich
 68277 | Crypt:3  | Noticed an ancient lich
 68278 | Crypt:3  | Killed an ancient lich
 68345 | Crypt:3  | Found an ancient bone altar of Kikubaaqudgha.
 68866 | Zot:1    | Entered Level 1 of the Realm of Zot
 70994 | Zot:2    | Got Nutzy's Compilation of Alteration and Attendants
 71838 | Zot:3    | Noticed a Killer Klown
 71844 | Zot:3    | Killed a Killer Klown
 74391 | Slime:1  | Entered Level 1 of the Pits of Slime
 74454 | Slime:2  | Reached skill level 5 in Evocations
 74514 | Slime:3  | Reached XP level 26. HP: 140/140 MP: 15/44
 74883 | Slime:5  | Entered Level 5 of the Pits of Slime
 75279 | Slime:2  | Noticed Dissolution
 75282 | Slime:2  | Killed Dissolution
 75992 | Slime:5  | Reached skill level 10 in Evocations
 76051 | Slime:5  | Noticed the Royal Jelly
 76142 | Slime:5  | Found a viscous altar of Jiyva.
 76171 | Slime:5  | Killed the Royal Jelly
 76197 | Slime:5  | Identified the -1 pair of gloves of the Centipede {-Tele
                  | rElec Str+4 Stlth+}
 76220 | Slime:5  | Identified the staff of fire "Kacheef" {rF+ Str+4 Dex+2}
 76223 | Slime:5  | Got the Elucidation of the Boggart
 76253 | Slime:5  | Got a slimy rune of Zot
 76259 | Slime:5  | Got the Book of Weathered Freezing
 76282 | Slime:5  | Got the Secrets of Violent Venin
 76363 | Slime:5  | Identified the staff of fire "Tuorun" {rElec rF+}
 76370 | Slime:5  | Identified the +1 robe "Xiylets" {Int+7}
 76381 | Slime:5  | Identified the +1 morningstar "Cim Ufumm" {spect, +Blink}
 77137 | Depths:3 | Voluntarily entered the Abyss.
 77208 | Abyss:1  | Found a corrupted altar of Lugonu.
 77236 | Abyss:1  | Learned a level 2 spell: Sublimation of Blood
 77239 | Abyss:1  | Learned a level 2 spell: Blink
 77525 | Abyss:2  | Found a corrupted altar of Lugonu.
 77533 | Abyss:2  | Found a burning altar of Makhleb.
 77751 | Abyss:2  | Found a corrupted altar of Lugonu.
 77763 | Abyss:2  | Found a corrupted altar of Lugonu.
 77912 | Abyss:2  | Found a corrupted altar of Lugonu.
 78006 | Abyss:2  | Found a corrupted altar of Lugonu.
 78296 | Abyss:2  | Reached skill level 15 in Shields
 78303 | Abyss:2  | Found a corrupted altar of Lugonu.
 78579 | Abyss:3  | Reached skill level 10 in Necromancy
 78650 | Abyss:3  | Found a sparkling altar of Nemelex Xobeh.
 78757 | Abyss:3  | Found a sparkling altar of Nemelex Xobeh.
 78758 | Abyss:3  | Found a sparkling altar of Nemelex Xobeh.
 78762 | Abyss:3  | Found a bloodstained altar of Trog.
 78767 | Abyss:3  | Found a radiant altar of Vehumet.
 78767 | Abyss:3  | Found a white marble altar of Elyvilon.
 78767 | Abyss:3  | Found an iron altar of Okawaru.
 78767 | Abyss:3  | Found an ornate altar of the Wu Jian Council.
 78768 | Abyss:3  | Found a shimmering blue altar of Sif Muna.
 78770 | Abyss:3  | Found a shadowy altar of Dithmenos.
 78770 | Abyss:3  | Found a stormy altar of Qazlal.
 78770 | Abyss:3  | Found a blossoming altar of Fedhas.
 78771 | Abyss:3  | Found a sparkling altar of Nemelex Xobeh.
 78771 | Abyss:3  | Found an ancient bone altar of Kikubaaqudgha.
 78772 | Abyss:3  | Found a basalt altar of Yredelemnul.
 78772 | Abyss:3  | Found a sacrificial altar of Ru.
 78775 | Abyss:3  | Found a shimmering altar of Xom.
 78775 | Abyss:3  | Found a glowing golden altar of the Shining One.
 78775 | Abyss:3  | Found an opulent altar of Gozag.
 78777 | Abyss:3  | Found a hazy altar of Hepliaklqana.
 78777 | Abyss:3  | Found a hide-covered altar of Uskayaw.
 78777 | Abyss:3  | Found a sacrificial altar of Ru.
 78777 | Abyss:3  | Found a broken altar of Ashenzari.
 78779 | Abyss:3  | Found a broken altar of Ashenzari.
 78779 | Abyss:3  | Found a snail-covered altar of Cheibriados.
 78779 | Abyss:3  | Found a glowing silver altar of Zin.
 78800 | Abyss:3  | Found a sparkling altar of Nemelex Xobeh.
 78800 | Abyss:3  | Found a sparkling altar of Nemelex Xobeh.
 78804 | Abyss:3  | Found an iron altar of Okawaru.
 78804 | Abyss:3  | Found a sacrificial altar of Ru.
 78804 | Abyss:3  | Found a sparkling altar of Nemelex Xobeh.
 78804 | Abyss:3  | Found a shimmering blue altar of Sif Muna.
 78804 | Abyss:3  | Found an ornate altar of the Wu Jian Council.
 78804 | Abyss:3  | Found a stormy altar of Qazlal.
 78804 | Abyss:3  | Found a blossoming altar of Fedhas.
 78804 | Abyss:3  | Found a glowing golden altar of the Shining One.
 78804 | Abyss:3  | Found an opulent altar of Gozag.
 78804 | Abyss:3  | Found a white marble altar of Elyvilon.
 78804 | Abyss:3  | Found an ancient bone altar of Kikubaaqudgha.
 78804 | Abyss:3  | Found a basalt altar of Yredelemnul.
 78804 | Abyss:3  | Found a sparkling altar of Nemelex Xobeh.
 78804 | Abyss:3  | Found a sparkling altar of Nemelex Xobeh.
 78804 | Abyss:3  | Found a bloodstained altar of Trog.
 78804 | Abyss:3  | Found a shadowy altar of Dithmenos.
 78804 | Abyss:3  | Found a shimmering altar of Xom.
 78804 | Abyss:3  | Found a radiant altar of Vehumet.
 78804 | Abyss:3  | Found a sparkling altar of Nemelex Xobeh.
 78804 | Abyss:3  | Found an iron altar of Okawaru.
 78804 | Abyss:3  | Found a sacrificial altar of Ru.
 78804 | Abyss:3  | Found a sparkling altar of Nemelex Xobeh.
 78804 | Abyss:3  | Found a shimmering blue altar of Sif Muna.
 78804 | Abyss:3  | Found an ornate altar of the Wu Jian Council.
 78804 | Abyss:3  | Found a stormy altar of Qazlal.
 78804 | Abyss:3  | Found a blossoming altar of Fedhas.
 78804 | Abyss:3  | Found a glowing golden altar of the Shining One.
 78804 | Abyss:3  | Found an opulent altar of Gozag.
 78804 | Abyss:3  | Found a white marble altar of Elyvilon.
 78804 | Abyss:3  | Found an ancient bone altar of Kikubaaqudgha.
 78804 | Abyss:3  | Found a basalt altar of Yredelemnul.
 78804 | Abyss:3  | Found a sparkling altar of Nemelex Xobeh.
 78804 | Abyss:3  | Found a sparkling altar of Nemelex Xobeh.
 78804 | Abyss:3  | Found a bloodstained altar of Trog.
 78804 | Abyss:3  | Found a shadowy altar of Dithmenos.
 78804 | Abyss:3  | Found a shimmering altar of Xom.
 78804 | Abyss:3  | Found a radiant altar of Vehumet.
 78804 | Abyss:3  | Found a sparkling altar of Nemelex Xobeh.
 78811 | Abyss:3  | Gained mutation: Armour fits poorly on your strangely
                  | shaped body. [a neqoxec]
 78948 | Abyss:4  | Gained mutation: You sometimes lose your temper in combat.
                  | [a neqoxec]
 78974 | Abyss:4  | Reached XP level 27. HP: 124/144 MP: 20/44
 79018 | Abyss:4  | Found a corrupted altar of Lugonu.
 79075 | Abyss:4  | Gained mutation: You are clumsy. (Dex -2) [a neqoxec]
 79392 | Abyss:5  | Found a runed translucent gate.
 79392 | Abyss:5  | Found a runed translucent gate.
 79417 | Abyss:5  | Got an abyssal rune of Zot
 79442 | Depths:3 | Escaped the Abyss
 79469 | Depths:3 | Lost mutation: You are clumsy. (Dex -2) [potion of
                  | mutation]
 79469 | Depths:3 | Lost mutation: You sometimes lose your temper in combat.
                  | [potion of mutation]
 79469 | Depths:3 | Gained mutation: You have a beak for a mouth. [potion of
                  | mutation]
 79469 | Depths:3 | Gained mutation: Your skin changes colour to match your
                  | surroundings (Stealth+). [potion of mutation]
 79470 | Depths:3 | Upgraded the game from 0.31-a0-175-g9f7f995f2b to
                  | 0.31-a0-180-g519b7de00c
 79834 | Tomb:1   | Entered Level 1 of the Tomb of the Ancients
 80926 | Tomb:1   | Noticed a royal mummy
 80929 | Tomb:1   | Killed a royal mummy
 82069 | Tomb:1   | Noticed a royal mummy
 82073 | Tomb:1   | Killed a royal mummy
 82241 | Tomb:1   | Noticed a royal mummy
 82243 | Tomb:1   | Noticed a royal mummy
 82245 | Tomb:1   | Noticed a royal mummy
 82245 | Tomb:1   | Noticed a royal mummy
 82246 | Tomb:1   | Killed a royal mummy
 82247 | Tomb:1   | Killed a royal mummy
 82247 | Tomb:1   | Killed a royal mummy
 82548 | Tomb:1   | Killed a royal mummy
 82754 | Tomb:1   | Noticed a royal mummy
 82760 | Tomb:1   | Killed a royal mummy
 82824 | Tomb:1   | Noticed a royal mummy
 82827 | Tomb:1   | Killed a royal mummy
 82888 | Tomb:1   | Noticed a royal mummy
 82889 | Tomb:1   | Noticed a royal mummy
 82891 | Tomb:1   | Killed a royal mummy
 82891 | Tomb:1   | Killed a royal mummy
 83347 | Orc:2    | Bought the ring of Compulsion {Fire rN++ Dex-4} for 477
                  | gold pieces
 83714 | Tomb:1   | Noticed a royal mummy
 83718 | Tomb:1   | Killed a royal mummy
 83885 | Tomb:1   | Noticed a royal mummy
 83888 | Tomb:1   | Killed a royal mummy
 83997 | Tomb:1   | Noticed a royal mummy
 83999 | Tomb:1   | Noticed a royal mummy
 84003 | Tomb:1   | Killed a royal mummy
 84004 | Tomb:1   | Killed a royal mummy
 84066 | Tomb:1   | Noticed a royal mummy
 84066 | Tomb:1   | Noticed a royal mummy
 84069 | Tomb:1   | Killed a royal mummy
 84069 | Tomb:1   | Killed a royal mummy
 84307 | Tomb:1   | Noticed a royal mummy
 84311 | Tomb:1   | Killed a royal mummy
 84427 | Tomb:1   | Noticed a royal mummy
 84431 | Tomb:1   | Killed a royal mummy
 84475 | Tomb:1   | Noticed a royal mummy
 84478 | Tomb:1   | Killed a royal mummy
 84502 | Tomb:1   | Noticed a royal mummy
 84502 | Tomb:1   | Noticed a royal mummy
 84505 | Tomb:1   | Killed a royal mummy
 84505 | Tomb:1   | Noticed a royal mummy
 84506 | Tomb:1   | Killed a royal mummy
 84511 | Tomb:1   | Killed a royal mummy
 85003 | Tomb:1   | Noticed a royal mummy
 85004 | Tomb:1   | Noticed a royal mummy
 85006 | Tomb:1   | Killed a royal mummy
 85006 | Tomb:1   | Noticed a royal mummy
 85007 | Tomb:1   | Killed a royal mummy
 85011 | Tomb:1   | Killed a royal mummy
 85052 | Tomb:1   | Noticed a royal mummy
 85471 | Tomb:1   | Killed a royal mummy
 85968 | Tomb:2   | Noticed Boris
 85971 | Tomb:2   | Noticed a royal mummy
 85971 | Tomb:2   | Noticed a royal mummy
 85971 | Tomb:2   | Noticed a royal mummy
 85975 | Tomb:2   | Killed Boris
 85975 | Tomb:2   | Killed a royal mummy
 85975 | Tomb:2   | Killed a royal mummy
 85975 | Tomb:2   | Blown up by Boris

Illustrated notes

Levels and vault maps discovered:
D:1:      minmay_arrival_doors, layout_loops_cross
D:2:      layout_rooms, shapermc_ecumenical_altar_mp_urbaneastern
D:3:      layout_basic, uniq_grinder
D:4:      layout_rooms, mainiacjoe_overflow_alcove_4,
          nicolae_ossuary_entry_false_entrances, hex_medium, roderic_lattice_a,
          uniq_ijyb, uniq_crazy_yiuf_cottage
D:5:      layout_gridville, minmay_temple_entry_fiery
D:6:      corexii_shack_village, layout_cave_pods, serial_glass,
          glass_columns_b, glass_columns_a, glass_columns_a, glass_columns_c,
          glass_columns_b, glass_columns_b, minmay_strange_pillars,
          cheibrodos_sewer_entry_sluice, uniq_eustachio, uniq_duvessa,
          uniq_menkaure, uniq_edmund
D:7:      layout_rooms, lemuel_round_altar, mainiacjoe_overflow_six_doors_small,
          grunt_decor_resistance
D:8:      layout_rooms, old_standard_altar, david_lair_shrubbed
D:9:      kennysheep_blocky_room, layout_basic,
          pdpol_temple_overflow_zin_treasury_gozag_greed, cheibriados_altar_2,
          nicolae_overflow_squiral, david_orc_5, serial_shops,
          nicolae_square_shop, uniq_psyche
D:10:     layout_rooms, uniq_harold, uniq_erica
D:11:     layout_grid_maze, gauntlet_entry_generic
D:12:     layout_irregular_city
D:13:     layout_big_octagon, skrybe_vaults_entry_preservation
D:14:     layout_basic, portal_ice_cave_entry_pillars_three
D:15:     grunt_enter_depths_hoard, layout_basic, serial_shops, shop,
          doesnt_xom_only_xom, dk_noncrumbling_4
Temple:   oiseaux_autumnal_temple
Lair:1:   layout_big_grid, ebering_ghost_funeral_grove,
          dreamdust_gnoll_shepherd, grunt_megastairs_3, lemuel_fruit_tree
Lair:2:   layout_hall_layers, nicolae_lair_grove_arrangements,
          chequers_serial_rivers_micro_c, st_stairs_9
Lair:3:   layout_loops_ring, nicolae_swamp_entry_splash_gauntlet,
          nicolae_spider_entry_orb_guardian, infiniplex_staircase_pool
Lair:4:   lemuel_slime, layout_cave_shapes, dpeg_slime_entry_corner,
          serial_bayou_lagoon_b, lemuel_fruit_fields
Lair:5:   guppyfry_lair_end_dragon, layout_cave_shapes,
          hangedman_lair_caniforms_friends, nzn_sisyphean_effort
Swamp:1:  layout_falls_marsh, evilmike_swamp_ruin_house_6, uniq_kirke
Swamp:2:  layout_basic_swamp, evilmike_swamp_ruin_rubble_1, uniq_nikola
Swamp:3:  layout_basic_swamp, nicolae_swamp_big_swirl, swamp_pool3
Swamp:4:  swamp_icy, layout_basic_swamp, infiniplex_staircase_pool_2, uniq_aizul
Spider:1: layout_spider_delve, einodemon_crawler_minivault
Spider:2: layout_cave_pods
Spider:3: layout_spider_delve
Spider:4: grunt_spider_rune_circles, drop_trap, uniq_mlioglotl, uniq_bai_suzhen
Slime:1:  layout_caves, nicolae_slime_getting_an_eyeful
Slime:2:  layout_caves, uniq_dissolution
Slime:3:  layout_caves
Slime:4:  layout_caves
Slime:5
Orc:1:    layout_caves, uniq_sonja, uniq_gastronok, uniq_maurice
Orc:2:    grunt_orc_cross, layout_diamond_mine
Elf:1:    minmay_elf_arrival_summoners, layout_loops_corners, orc_legates,
          kilobyte_rumbling_trees
Elf:2:    nicolae_elf_blades_splatter_lattice [nicolae_blade_tridents],
          layout_rooms, serial_glass, glass_columns_c, glass_columns_b,
          drop_trap, kb_rosetta
Elf:3:    minmay_elf_hall_quartered_circle, layout_loops_cross, serial_shops,
          nicolae_shop_tiny_real_fake_doors, grunt_ministairs_15,
          minmay_misc_feat_cross, uniq_roxanne
Vaults:1: v_misc_5, nicolae_vaults_gold_heap, nicolae_vaults_double_plus_3,
          hangedman_vaults_corner, grunt_vaults_diagonal,
          layout_vaults_quadrants
Vaults:2: nicolae_vaults_swerve, v_misc_4, grunt_vaults_hallway_short,
          v_pattern_1, nicolae_vaults_six-pack, v_rooms_2, vaults_mumra_chevron,
          v_misc_3, nicolae_vaults_stepped_doors, layout_vaults_omnicross,
          uniq_margery
Vaults:3: portal_desolation_entry_nicolae_nacl, grunt_vaults_hallway_short,
          ontoclasm_vaults_claustrophobia, vaults_room_boxed,
          nicolae_vaults_trapezoid_lopsided_2, minmay_crypt_entry_vampire_xt,
          nicolae_vaults_twisting_passages, hangedman_vaults_hard_town_square,
          vaults_dpeg_emergency_exit, nicolae_vaults_sesquioval_fish,
          nicolae_vaults_circle_grid_b, v_misc_5, nicolae_vaults_double_plus_1,
          ontoclasm_vaults_decontamination,
          nicolae_vaults_offset_grid_hallway_3, layout_vaults_maze, uniq_xtahua,
          uniq_saint_roka
Vaults:4: nicolae_vaults_taking_the_gang_shopping,
          nicolae_vaults_diffraction_hallways,
          nicolae_vaults_trapezoid_lopsided_4,
          nicolae_vaults_variable_pillar_hall, nicolae_vaults_diamond_1,
          hangedman_vaults_stitches, nicolae_vaults_oval_intersection,
          v_pattern_4, v_misc_30, ontoclasm_vaults_eye, vaults_mumra_minichess,
          vaults_dpeg_cross, nicolae_vaults_double_plus_1,
          nicolae_vaults_offset_grid_hallway_1, nicolae_vaults_tangram_2,
          layout_vaults_chaotic_city, serial_shops, nicolae_square_shop
Vaults:5: serial_shops
Crypt:1:  layout_misc_corridors, nicolae_letterblocks [nicolae_letter_subblock,
          nicolae_letter_subblock, nicolae_letter_subblock,
          nicolae_letter_subblock, nicolae_letter_subblock,
          nicolae_letter_subblock, nicolae_letter_subblock,
          nicolae_letter_subblock, nicolae_letter_subblock,
          nicolae_letter_subblock, nicolae_letter_subblock,
          nicolae_letter_subblock, nicolae_letter_subblock,
          nicolae_letter_subblock, nicolae_letter_subblock,
          nicolae_letter_subblock, nicolae_letter_subblock,
          nicolae_letter_subblock, nicolae_letter_subblock,
          nicolae_letter_subblock, nicolae_letter_subblock,
          nicolae_letter_subblock, nicolae_letter_subblock,
          nicolae_letter_subblock, nicolae_letter_subblock], uniq_khufu
Crypt:2:  layout_rooms
Crypt:3:  quadcrypt_mu
Tomb:1
Tomb:2:   uniq_boris
Depths:1: layout_roguey, pf_coc_iceberg, columned_hall_lemuel,
          minmay_the_grid_square_5x5_3x3_mashed
          [minmay_the_grid_square_5x5_fat_x,
          minmay_the_grid_square_5x5_shuriken,
          minmay_the_grid_square_5x5_half_checkered,
          minmay_the_grid_square_5x5_seven,
          minmay_the_grid_square_5x5_megaprize_crossed,
          minmay_the_grid_square_5x5_bite, minmay_the_grid_square_5x5_dogpile,
          minmay_the_grid_square_5x5_meh, minmay_the_grid_square_5x5_plus]
Depths:2: minmay_skeleton_keep, layout_cave_pools, enter_ziggurat_d,
          rand_demon_pan_entry_9, grunt_hell_entry_dis_grunt,
          chequers_serial_rivers_small_b, uniq_sojobo
Depths:3: minmay_open_boxes_in_corner, layout_honeycomb, serial_shops,
          nicolae_shop_peninsula, hellmouth_2, abyss_entry_flame_altar,
          infiniplex_staircase_pool_lava, uniq_josephina
Depths:4: grunt_zot_entry_bicorn, layout_basic, abyss_entry, pan_entry,
          serial_shops, freezing_bzr, hell_entry, good_gods_temple_1,
          serial_bayou_shore_a
Zot:1:    layout_basic, grunt_ministairs_14
Zot:2:    layout_gridville
Zot:3:    circus_mu, layout_gridlike, grunt_megastairs_4
Zot:4:    layout_cellular_growth, grunt_megastairs_5

Skill      XL: |  1  2  3  4  5  6  7  8  9 10 11 12 13 14 15 16 17 18 19 20 21 22 23 24 25 26 27 |
---------------+----------------------------------------------------------------------------------+-----
Stealth        | 3 4 5 |  5.5
Dodging        | 3 4 5 7 9 11 14 16 18 19 20 22 25 26 | 26.1
Spellcasting   | 5 6 10 12 13 15 | 15.0
Conjurations   | 5 6 8 9 10 12 14 15 17 19 20 21 23 | 23.8
Translocations | 2 5 |  5.0
Earth Magic    | 5 10 15 19 23 25 27 | 27.0
Fighting       | 7 |  7.0
Poison Magic   | 7 |  7.0
Shields        | 2 6 9 13 15 | 15.0
Necromancy     | 8 12 | 12.0
Evocations     | 3 6 11 | 11.4
Staves         | 2 3 10 12 | 12.0
Fire Magic     | 16 20 23 | 23.1

Action                     |  1- 3 |  4- 6 |  7- 9 | 10-12 | 13-15 | 16-18 | 19-21 | 22-24 | 25-27 || total
---------------------------+-------+-------+-------+-------+-------+-------+-------+-------+-------++-------
  Melee: Unarmed           |     4 |    20 |     3 |       |       |       |       |       |       ||    27
         Dire flail        |       |       |    24 |     8 |    11 |       |       |       |       ||    43
         Staff             |       |       |       |       |     2 |    32 |    88 |    51 |   480 ||   653
   Cast: Magic Dart        |    82 |    81 |   126 |     1 |     2 |     2 |       |       |       ||   294
         Searing Ray       |       |     9 |    19 |       |       |       |       |       |       ||    28
         Iskenderun's Myst |       |       |    37 |    62 |   156 |   212 |   126 |    12 |    24 ||   629
         Stone Arrow       |       |       |    29 |   226 |   299 |   294 |       |       |       ||   848
         Olgreb's Toxic Ra |       |       |       |       |    11 |   102 |    19 |     3 |       ||   135
         Lehudib's Crystal |       |       |       |       |       |   159 |   177 |   158 |   174 ||   668
         Dispel Undead     |       |       |       |       |       |     4 |       |       |     3 ||     7
         Shatter           |       |       |       |       |       |       |   131 |   199 |   199 ||   529
         Orb of Destructio |       |       |       |       |       |       |       |     3 |    40 ||    43
         Fire Storm        |       |       |       |       |       |       |       |       |    88 ||    88
         Sublimation of Bl |       |       |       |       |       |       |       |       |    24 ||    24
         Starburst         |       |       |       |       |       |       |       |       |     1 ||     1
  Evoke: Wand              |       |       |     6 |     6 |    12 |     1 |       |     1 |     2 ||    28
         Condenser vane    |       |       |       |       |     1 |     2 |       |       |       ||     3
    Use: Scroll            |       |     2 |    14 |    10 |     7 |     5 |     5 |     8 |     5 ||    56
         Potion            |       |     1 |     1 |     2 |     1 |     3 |     1 |     2 |    10 ||    21
   Stab: Distracted        |       |       |       |       |       |       |       |       |     3 ||     3
 Armour: Robe              |       |    13 |    21 |       |       |       |     2 |     6 |    37 ||    79
         Skin              |       |       |     8 |       |       |       |       |       |       ||     8
         Ring mail         |       |       |     1 |       |       |       |       |       |       ||     1
         Leather armour    |       |       |    14 |    29 |    47 |    56 |    34 |       |       ||   180
  Dodge: Dodged            |    16 |    57 |   116 |   126 |   239 |   408 |   160 |   119 |   286 ||  1527
         Repelled          |       |       |       |       |     3 |    12 |     1 |    10 |    18 ||    44
  Block: Buckler           |       |       |       |       |       |    56 |    39 |       |       ||    95
         Kite shield       |       |       |       |       |       |       |     7 |    68 |   229 ||   304

Table legend: (Time is in decaauts)
 A = Elapsed time spent in this place.
 B = Non-inter-level travel time spent in this place.
 C = Inter-level travel time spent in this place.
 D = Time resting spent in this place.
 E = Time spent auto-exploring this place.
 F = Levels seen in this place.
 G = Mean time per level.
                   A        B        C        D        E       F      G
               +--------+--------+--------+--------+--------+-----+--------+
         Total |  86791 |  75406 |  11385 |  14347 |  47058 |  66 | 1315.0 |
       Dungeon |  19920 |  16490 |   3430 |   2955 |  11250 |  15 | 1328.0 |
        Temple |     38 |     14 |     24 |      0 |     10 |   1 |   38.0 |
          Lair |   9538 |   7787 |   1751 |   1381 |   5165 |   5 | 1907.6 |
         Swamp |   4262 |   3564 |    698 |    544 |   2284 |   4 | 1065.5 |
   Spider Nest |   7204 |   6518 |    686 |   1603 |   4114 |   4 | 1801.0 |
    Slime Pits |   2431 |   2113 |    318 |    276 |   1400 |   5 |  486.2 |
  Orcish Mines |   3231 |   2593 |    638 |   1015 |   1036 |   2 | 1615.5 |
   Elven Halls |   5641 |   5058 |    583 |    665 |   3632 |   3 | 1880.3 |
        Vaults |   9884 |   8633 |   1251 |   1059 |   6377 |   5 | 1976.8 |
         Crypt |   5165 |   4643 |    522 |   1920 |   2116 |   3 | 1721.7 |
          Tomb |   3812 |   3495 |    317 |    259 |   1657 |   2 | 1906.0 |
        Depths |   6126 |   5287 |    839 |    872 |   3617 |   4 | 1531.5 |
           Zot |   5126 |   4802 |    324 |   1073 |   3137 |   4 | 1281.5 |
         Abyss |   2282 |   2282 |      0 |    546 |    271 |   5 |  456.4 |
        Bazaar |    111 |    111 |      0 |      0 |     87 |   1 |  111.0 |
         Sewer |    428 |    428 |      0 |      0 |    322 |   1 |  428.0 |
       Ossuary |    642 |    642 |      0 |     93 |    162 |   1 |  642.0 |
    Desolation |    943 |    943 |      0 |     85 |    417 |   1 |  943.0 |
               +--------+--------+--------+--------+--------+-----+--------+

Top non-repeatable levels by time:
  Tomb:1: 3807 daAuts
 Crypt:3: 3179 daAuts
     D:9: 3038 daAuts
Spider:3: 2588 daAuts
  Lair:5: 2509 daAuts
   Elf:1: 2421 daAuts
Vaults:3: 2239 daAuts
  Lair:3: 2233 daAuts
   Elf:3: 2139 daAuts
Vaults:2: 2122 daAuts
   Orc:2: 2018 daAuts
Vaults:5: 1990 daAuts
  Lair:1: 1872 daAuts
Vaults:4: 1841 daAuts
     D:6: 1758 daAuts
